 Dungeon Crawl Stone Soup version 0.14-a0-2124-ga163777 (webtiles) character file.

263 Kae the Cudgeler (level 4, -6/39 HPs)
             Began as a Minotaur Berserker on Jan 27, 2014.
             Was a Priest of Trog.
             Killed by divine providence
             ... invoked by an orc priest
              (13 damage)
             ... on Level 3 of the Dungeon.
             The game lasted 00:02:31 (1973 turns).

Kae the Cudgeler (Minotaur Berserker)               Turns: 1973, Time: 00:02:31

HP  -6/39        AC  2     Str 21      XL: 4   Next: 90%
MP   2/2         EV 12     Int  7      God: Trog [***...]
Gold 133         SH  0     Dex 10      Spells:  0 memorised,  3 levels left

rFire  . . .     SeeInvis .     a - +0,+1 mace
rCold  . . .     Clarity  .     b - +0 animal skin
rNeg   . . .     Conserve .     (no shield)
rPois  .         rCorr    .     (helmet restricted)
rElec  .         rRot     .     (no cloak)
SustAb . .       Spirit   .     (no gloves)
rMut   .         Warding  .     (no boots)
Saprov . . .     Stasis   +     l - amulet of stasis
MR     .....                    (no ring)
                                j - +2 ring of intelligence

@: not resistant to hostile enchantments, unstealthy
A: retaliatory headbutt, horns 2
a: Burn Spellbooks, Berserk, Trog's Hand, Renounce Religion


You were on level 3 of the Dungeon.
You worshipped Trog.
Trog was most pleased with you.
You were not hungry.

You visited 1 branch of the dungeon, and saw 3 of its levels.

You collected 133 gold pieces.

Inventory:

Hand weapons
 a - a +0,+1 mace (weapon)
Armour
 b - a +0 animal skin (worn)
Comestibles
 c - 5 bread rations
 f - an apple
 m - 6 grapes
Scrolls
 d - 7 scrolls of identify
 n - 3 scrolls of recharging {unknown}
 p - a scroll of blinking {unknown}
 q - 2 scrolls of enchant weapon II
 s - a scroll of teleportation {unknown}
Jewellery
 j - a +2 ring of intelligence (left hand)
 l - an amulet of stasis (around neck)
 r - an uncursed amulet of conservation {unknown}
Potions
 e - 2 potions of paralysis {unknown}
 g - 3 potions of curing {unknown}
 h - a potion of invisibility {unknown}
 i - a potion of cure mutation {unknown}
 k - a potion of heal wounds {unknown}
 o - a potion of poison {unknown}


   Skills:
 - Level 3.6 Fighting
 + Level 6.8 Maces & Flails
 - Level 2.4 Armour
 - Level 2.1 Dodging


You had 3 spell levels left.
You didn't know any spells.

Dungeon Overview and Level Annotations

Branches:
Dungeon (3/16)

Altars:
Ashenzari
Fedhas
Makhleb
Sif Muna
Vehumet
Yredelemnul


Innate Abilities, Weirdness & Mutations

You reflexively headbutt those who attack you in melee.
You have a pair of horns on your head.


Message History

You hit the orc.
The orc is heavily wounded.
The orc priest calls upon Beogh to heal the orc.
The orc's wounds heal themselves!
You hit the orc.
The orc is severely wounded.
The orc barely misses you.
You sock the orc!
You kill the orc!
Trog accepts your kill.
Your skin stops crawling.
You feel less resistant to hostile enchantments.
You closely miss the orc. The orc hits you with an orcish mace.
You barely miss the orc. The orc barely misses you.
The orc hits you with an orcish mace!
* * * LOW HITPOINT WARNING * * *
There is an open door here.
The orc priest invokes the aid of Beogh against you.
Something smites you!
You die...

#.##..............#.'...#..
#.##.##..###..#.#.#.###.#..
#.#####...........#_≈#.....
#.###_#######.#..########..
#.##...## #.#..# #.###..
#.#8.#.8#####.#..####......
#.# ... #..................
### #)####.####..#########.
##'#≈##@####............
#≈oo.o............###...
##'#≈#.......####.# ##.#
##.####.###### #.# #..
#...# #.# ###.# #.#
#8.#.8##.# ###...####.#
##...###.#####.#.#.#.##.#
##_##................#.#
#.######.#####.......##.#


You could see an orc priest and 2 orcs.

Vanquished Creatures
  An orc wizard (D:3)
  4 adders
  An ooze (D:2)
  4 orcs (D:3)
  A ball python (D:2)
  4 giant cockroaches
  4 goblins
  18 hobgoblins
  5 bats
  2 giant geckos
  A giant newt (D:1)
  8 kobolds
  6 rats
59 creatures vanquished.

Notes
Turn   | Place    | Note
--------------------------------------------------------------
     0 | D:1      | Kae, the Minotaur Berserker, began the quest for the Orb.
     0 | D:1      | Reached XP level 1. HP: 19/19 MP: 1/1
   153 | D:1      | Reached skill level 4 in Maces & Flails
   206 | D:1      | Reached XP level 2. HP: 13/26 MP: 1/1
   533 | D:1      | Acquired Trog's second power
   712 | D:1      | Reached skill level 5 in Maces & Flails
   938 | D:2      | Reached XP level 3. HP: 31/31 MP: 2/2
  1466 | D:3      | Reached skill level 6 in Maces & Flails
  1466 | D:3      | Reached XP level 4. HP: 33/39 MP: 2/2
  1596 | D:3      | Found a deep blue altar of Sif Muna.
  1772 | D:3      | Found a burning altar of Makhleb.
  1772 | D:3      | Noticed a cacodemon
  1843 | D:3      | Found a radiant altar of Vehumet.
  1843 | D:3      | Found a basalt altar of Yredelemnul.
  1952 | D:3      | Found a shattered altar of Ashenzari.
  1959 | D:3      | Found a blossoming altar of Fedhas.
  1973 | D:3      | Killed from afar by an orc priest

Action                   |  1- 3 |  4- 6 || total
-------------------------+-------+-------++-------
Melee: Mace              |    83 |    36 ||   119
Invok: Trog's Hand       |       |     1 ||     1
  Use: Scroll            |     4 |       ||     4
 Stab: Sleeping          |     1 |       ||     1
